RL
TULSA TWISTERS @ BOISE BLUEGILLS
08/18/2059
 
TOP OF THE 1ST
Tulsa Twisters batting - Pitching for Boise Bluegills : RHP Lucas Wallace
Pitching: RHP Lucas Wallace
Batting: RHB Liam Slaybaugh 0-0: Called Strike
0-1: Ball
1-1: Ball
2-1: Ball
3-1: Foul Ball, location: 2F
3-2: Foul Ball, location: 2F
3-2: Foul Ball, location: 2F
3-2: Strikes out swinging
Batting: RHB Colton Hevner 0-0: Called Strike
0-1: DOUBLE (Line Drive, 9LM, EV 106.9 MPH)
Batting: LHB Archibald Rowe 0-0: DOUBLE (Groundball, 3L, EV 106.9 MPH)
Colton Hevner scores
Batting: RHB Marqueze Nakamura 0-0: Ball
1-0: Ball
2-0: Ball
3-0: Called Strike
3-1: Foul Ball, location: 2F
3-2: SINGLE (Groundball, 6MD, EV 105.6 MPH)
Archibald Rowe to third
Runner from 3rd tries for Home, SAFE, throw by CF to home
Batting: RHB Curtis Sanchez 0-0: Ball
1-0: Ball
2-0: Ball
3-0: Called Strike
3-1: Fly out, F9 (Flyball, 9LD, EV 100.6 MPH)
Batting: LHB Marc Guilfoy 0-0: Ball
1-0: Foul Ball, location: 2F
1-1: Foul Ball, location: 2F
1-2: Strikes out swinging
Top of the 1st over - 2 runs, 3 hits, 0 errors, 1 left on base; Tulsa 2 - Boise 0
BOTTOM OF THE 1ST
Boise Bluegills batting - Pitching for Tulsa Twisters : RHP Ira Hill
Pitching: RHP Ira Hill
Batting: RHB James Howard 0-0: Ball
1-0: Ball
2-0: Ball
3-0: Called Strike
3-1: Base on Balls
Batting: RHB Wes Rankin 0-0: Ball
1-0: Ground out 4-3 (Groundball, 34, EV 106.2 MPH)
James Howard to second
Batting: LHB Nigel Torres 0-0: Ball
1-0: Foul Ball, location: 2F
1-1: Swinging Strike
1-2: Ball
2-2: Foul Ball, location: 2F
2-2: Fly out, F8 (Flyball, 89XD, EV 100.0 MPH)
Batting: LHB Elias Mummert 0-0: Ball
1-0: Called Strike
1-1: Foul Ball, location: 2F
1-2: Strikes out looking
Bottom of the 1st over - 0 runs, 0 hits, 0 errors, 1 left on base; Tulsa 2 - Boise 0
TOP OF THE 2ND
Tulsa Twisters batting - Pitching for Boise Bluegills : RHP Lucas Wallace
Batting: RHB Brendan Benshoff 0-0: Ball
1-0: Foul Ball, location: 2F
1-1: Fly out, F8 (Flyball, 78M, EV 93.8 MPH)
Batting: LHB Marco Rosso 0-0: Ball
1-0: Swinging Strike
1-1: DOUBLE (Line Drive, 89D, EV 108.1 MPH)
Batting: RHB Clendon Knott 0-0: Ball
1-0: Swinging Strike
1-1: Ball
2-1: Ball
3-1: Fly out, F7 (Line Drive, 78S, EV 100.0 MPH)
Batting: RHB Liam Slaybaugh 0-0: Ball
Wild Pitch!
Marco Rosso to third
1-0: Swinging Strike
1-1: Fly out, F8 (Line Drive, 8RM, EV 88.8 MPH)
Top of the 2nd over - 0 runs, 1 hit, 0 errors, 1 left on base; Tulsa 2 - Boise 0
BOTTOM OF THE 2ND
Boise Bluegills batting - Pitching for Tulsa Twisters : RHP Ira Hill
Batting: RHB Marcus Trask 0-0: Fly out, F9 (Line Drive, 89D, EV 92.5 MPH)
Batting: SHB Brayden Strollo 0-0: Ball
1-0: Called Strike
1-1: Foul Ball, location: 2F
1-2: Ball
2-2: Ball
3-2: Fly out, F9 (Flyball, 9LD, EV 91.9 MPH)
Batting: SHB Zach Mortazavi 0-0: Called Strike
0-1: Ball
1-1: Fly out, F8 (Flyball, 8LM, EV 86.2 MPH)
Bottom of the 2nd over - 0 runs, 0 hits, 0 errors, 0 left on base; Tulsa 2 - Boise 0
TOP OF THE 3RD
Tulsa Twisters batting - Pitching for Boise Bluegills : RHP Lucas Wallace
Batting: RHB Colton Hevner 0-0: Ground out U3 (Groundball, 3, EV 86.2 MPH)
Batting: LHB Archibald Rowe 0-0: Called Strike
0-1: Ball
1-1: Ball
2-1: Called Strike
2-2: Fly out, F8 (Flyball, 8LM, EV 89.4 MPH)
Batting: RHB Marqueze Nakamura 0-0: Foul Ball, location: 2F
0-1: Ball
1-1: Ball
2-1: Ground out 6-3 (Groundball, 6S, EV 88.1 MPH)
Top of the 3rd over - 0 runs, 0 hits, 0 errors, 0 left on base; Tulsa 2 - Boise 0
BOTTOM OF THE 3RD
Boise Bluegills batting - Pitching for Tulsa Twisters : RHP Ira Hill
Batting: RHB Will Stuart 0-0: Ball
1-0: Foul Ball, location: 2F
1-1: Ground out 4-3 (Groundball, 4, EV 83.1 MPH)
Batting: RHB J.D. Butcher 0-0: DOUBLE (Line Drive, 9LM, EV 109.4 MPH)
Batting: RHB James Howard 0-0: Ball
1-0: Fly out, F7 (Flyball, 7, EV 94.4 MPH)
Batting: RHB Wes Rankin 0-0: Called Strike
0-1: Ball
1-1: Ball
2-1: Foul Ball, location: 2F
2-2: Fly out, F7 (Line Drive, 7LM, EV 108.1 MPH)
Bottom of the 3rd over - 0 runs, 1 hit, 0 errors, 1 left on base; Tulsa 2 - Boise 0
TOP OF THE 4TH
Tulsa Twisters batting - Pitching for Boise Bluegills : RHP Lucas Wallace
Batting: RHB Curtis Sanchez 0-0: Ball
1-0: Swinging Strike
1-1: Ball
2-1: Ball
3-1: Called Strike
3-2: Strikes out swinging
Batting: LHB Marc Guilfoy 0-0: Ball
1-0: Ball
2-0: Ball
3-0: Called Strike
3-1: Swinging Strike
3-2: Foul Ball, location: 2F
3-2: Base on Balls
Batting: RHB Brendan Benshoff 0-0: Called Strike
0-1: Foul Ball, location: 2F
0-2: Ball
1-2: Strikes out swinging
Batting: LHB Marco Rosso 0-0: Ball
1-0: Ball
2-0: Called Strike
2-1: Foul Ball, location: 2F
2-2: Foul Ball, location: 2F
2-2: Fly out, F8 (Flyball, 8LD, EV 101.9 MPH)
Top of the 4th over - 0 runs, 0 hits, 0 errors, 1 left on base; Tulsa 2 - Boise 0
BOTTOM OF THE 4TH
Boise Bluegills batting - Pitching for Tulsa Twisters : RHP Ira Hill
Batting: LHB Nigel Torres 0-0: Ball
1-0: Ball
2-0: Foul Ball, location: 2F
2-1: Ball
3-1: Foul Ball, location: 2F
3-2: Foul Ball, location: 2F
3-2: Ground out 4-3 (Groundball, 4M, EV 106.2 MPH)
Batting: LHB Elias Mummert 0-0: Ball
1-0: Foul Ball, location: 2F
1-1: Ball
2-1: Foul Ball, location: 2F
2-2: Foul Ball, location: 2F
2-2: Ball
3-2: Foul Ball, location: 2F
3-2: Base on Balls
Batting: RHB Marcus Trask 0-0: Ball
1-0: SINGLE (Line Drive, 7LM, EV 102.5 MPH)
Elias Mummert to second
Batting: SHB Brayden Strollo 0-0: Swinging Strike
0-1: Ball
1-1: Foul Ball, location: 2F
1-2: Ground out 3-1 (Groundball, 13, EV 78.8 MPH)
Elias Mummert to third
Marcus Trask to second
Batting: SHB Zach Mortazavi 0-0: Called Strike
0-1: Ball
1-1: Fly out, F4 (Flyball, 4D, EV 88.1 MPH)
Bottom of the 4th over - 0 runs, 1 hit, 0 errors, 2 left on base; Tulsa 2 - Boise 0
TOP OF THE 5TH
Tulsa Twisters batting - Pitching for Boise Bluegills : RHP Lucas Wallace
Batting: RHB Clendon Knott 0-0: Fly out, F8 (Flyball, 78M, EV 74.4 MPH)
Batting: RHB Liam Slaybaugh 0-0: Called Strike
0-1: Ball
1-1: Ball
2-1: Ball
3-1: Base on Balls
Batting: RHB Colton Hevner 0-0: Ball
1-0: Foul Ball, location: 2F
1-1: Called Strike
1-2: SINGLE (Groundball, 56D, EV 100.6 MPH)
Liam Slaybaugh to second
Batting: LHB Archibald Rowe 0-0: Called Strike
0-1: Foul Ball, location: 2F
0-2: Ball
1-2: Foul Ball, location: 2F
1-2: Ball
2-2: Hit by Pitch
Liam Slaybaugh to third
Colton Hevner to second
Batting: RHB Marqueze Nakamura 0-0: Called Strike
0-1: SINGLE (Groundball, 6MD, EV 98.1 MPH)
Liam Slaybaugh scores
Colton Hevner to third
Archibald Rowe to second
Runner from 3rd tries for Home, throw by CF and OUT! 8-2
Batting: RHB Curtis Sanchez 0-0: Ball
1-0: SINGLE (Line Drive, 7LS, EV 111.2 MPH)
Archibald Rowe to third
Marqueze Nakamura to second
Batting: LHB Marc Guilfoy 0-0: Ball
1-0: SINGLE (Groundball, 4MD, EV 95.0 MPH)
Archibald Rowe scores
Marqueze Nakamura to third
Curtis Sanchez to second
Runner from 3rd tries for Home, SAFE, throw by CF to home
Pitching: LHP Garrick Shinuni
Batting: RHB Brendan Benshoff 0-0: Fly out, F8 (Flyball, 8LXD, EV 85.6 MPH)
Top of the 5th over - 3 runs, 4 hits, 0 errors, 2 left on base; Tulsa 5 - Boise 0
BOTTOM OF THE 5TH
Boise Bluegills batting - Pitching for Tulsa Twisters : RHP Ira Hill
Batting: RHB Will Stuart 0-0: Ball
1-0: Fly out, F8 (Flyball, 8RXD, EV 87.5 MPH)
Batting: RHB J.D. Butcher 0-0: Called Strike
0-1: SINGLE (Groundball, 56D, EV 98.8 MPH)
Batting: RHB James Howard 0-0: Called Strike
J.D. Butcher is caught stealing 2nd base 2-4
0-1: Called Strike
0-2: Ball
1-2: Foul Ball, location: 2F
1-2: Ball
2-2: SINGLE (Line Drive, 89M, EV 101.2 MPH)
Batting: RHB Wes Rankin 0-0: Ball
1-0: Ball
2-0: Ball
3-0: Called Strike
3-1: Base on Balls
James Howard to second
Batting: LHB Nigel Torres 0-0: Called Strike
0-1: Foul Ball, location: 2F
0-2: Ball
1-2: SINGLE (Flyball, 9LS, EV 91.9 MPH)
James Howard to third
Wes Rankin to second
Batting: LHB Elias Mummert 0-0: Called Strike
0-1: Foul Ball, location: 2F
0-2: Ball
1-2: Strikes out swinging
Bottom of the 5th over - 0 runs, 3 hits, 0 errors, 3 left on base; Tulsa 5 - Boise 0
TOP OF THE 6TH
Tulsa Twisters batting - Pitching for Boise Bluegills : LHP Garrick Shinuni
Batting: LHB Marco Rosso 0-0: Ground out 5-3 (Groundball, 56, EV 96.9 MPH)
Batting: RHB Clendon Knott 0-0: Ball
1-0: Swinging Strike
1-1: Foul Ball, location: 2F
1-2: Strikes out looking
Batting: RHB Liam Slaybaugh 0-0: Ball
1-0: Ball
2-0: Ball
3-0: Base on Balls
Batting: RHB Colton Hevner 0-0: 2-RUN HOME RUN (Flyball, 7LD, EV 95.0 MPH), Distance : 351 ft
Batting: LHB Archibald Rowe 0-0: Ground out 4-3 (Groundball, 34, EV 105.0 MPH)
Top of the 6th over - 2 runs, 1 hit, 0 errors, 0 left on base; Tulsa 7 - Boise 0
BOTTOM OF THE 6TH
Boise Bluegills batting - Pitching for Tulsa Twisters : RHP Ira Hill
Batting: RHB Marcus Trask 0-0: Ball
1-0: Ball
2-0: SINGLE (Flyball, 4D, EV 90.0 MPH)
Batting: SHB Brayden Strollo 0-0: Ball
1-0: Ball
2-0: Called Strike
2-1: Foul Ball, location: 2F
2-2: Ball
3-2: Base on Balls
Marcus Trask to second
Pitching: RHP Alexis Simbolon
Batting: SHB Zach Mortazavi 0-0: Fly out, F8 (Flyball, 8LD, EV 82.5 MPH)
Batting: RHB Will Stuart 0-0: Called Strike
0-1: Called Strike
0-2: Ball
1-2: Fly out, F6 (Popup, P, EV 82.5 MPH)
Batting: RHB J.D. Butcher 0-0: Ball
1-0: Ball
2-0: Ball
3-0: Called Strike
3-1: Foul Ball, location: 2F
3-2: 3-RUN HOME RUN (Flyball, 9D, EV 92.5 MPH), Distance : 341 ft
Batting: RHB James Howard 0-0: Called Strike
0-1: Ball
1-1: Ball
2-1: Foul Ball, location: 2F
2-2: Ball
3-2: Fly out, F8 (Flyball, 8LXD, EV 91.2 MPH)
Bottom of the 6th over - 3 runs, 2 hits, 0 errors, 0 left on base; Tulsa 7 - Boise 3
TOP OF THE 7TH
Tulsa Twisters batting - Pitching for Boise Bluegills : LHP Garrick Shinuni
Batting: RHB Marqueze Nakamura 0-0: Called Strike
0-1: Fly out, F8 (Flyball, 8LD, EV 96.9 MPH)
Batting: RHB Curtis Sanchez 0-0: Ball
1-0: Ball
2-0: Foul Ball, location: 2F
2-1: Ball
3-1: Swinging Strike
3-2: Base on Balls
Batting: LHB Marc Guilfoy 0-0: Ball
1-0: Called Strike
1-1: Called Strike
1-2: Hit by Pitch
Curtis Sanchez to second
Batting: RHB Brendan Benshoff 0-0: Ball
1-0: Called Strike
1-1: Foul Ball, location: 2F
1-2: Fly out, F8 (Flyball, 8LS, EV 97.5 MPH)
Batting: LHB Marco Rosso 0-0: Ball
1-0: Ball
2-0: Fly out, F8 (Flyball, 8RM, EV 84.4 MPH)
Top of the 7th over - 0 runs, 0 hits, 0 errors, 2 left on base; Tulsa 7 - Boise 3
BOTTOM OF THE 7TH
Boise Bluegills batting - Pitching for Tulsa Twisters : RHP Alexis Simbolon
Batting: RHB Wes Rankin 0-0: Ball
1-0: Called Strike
1-1: Ball
2-1: Ball
3-1: Base on Balls
Batting: LHB Nigel Torres 0-0: Foul Ball, location: 2F
0-1: Called Strike
0-2: Ball
1-2: 2-RUN HOME RUN (Flyball, 9LD, EV 88.1 MPH), Distance : 331 ft
Pitching: LHP Roland Ballo
Batting: LHB Elias Mummert 0-0: Foul Ball, location: 2F
0-1: Ground out U3 (Groundball, 3, EV 92.5 MPH)
Pitching: LHP Ari Morrison
Batting: RHB Marcus Trask 0-0: Called Strike
0-1: Ball
1-1: Swinging Strike
1-2: Ball
2-2: SINGLE (Groundball, 56S, EV 66.9 MPH) (infield hit)
Batting: SHB Brayden Strollo 0-0: Called Strike
0-1: Ball
1-1: Foul Ball, location: 2F
1-2: Ball
2-2: 2-RUN HOME RUN (Flyball, 78XD, EV 114.4 MPH), Distance : 418 ft
Batting: SHB Zach Mortazavi 0-0: Swinging Strike
0-1: Swinging Strike
0-2: Strikes out swinging
Batting: RHB Will Stuart 0-0: Called Strike
0-1: Swinging Strike
0-2: Strikes out swinging
Bottom of the 7th over - 4 runs, 3 hits, 0 errors, 0 left on base; Tulsa 7 - Boise 7
TOP OF THE 8TH
Tulsa Twisters batting - Pitching for Boise Bluegills : LHP Garrick Shinuni
Batting: RHB Clendon Knott 0-0: Swinging Strike
0-1: Ground out 3-1 (Groundball, 34S, EV 62.5 MPH)
Batting: RHB Liam Slaybaugh 0-0: Foul Ball, location: 2F
0-1: Ball
1-1: Swinging Strike
1-2: Ball
2-2: Foul Ball, location: 2F
2-2: Ground out 4-3 (Groundball, 4, EV 78.1 MPH)
Batting: RHB Colton Hevner 0-0: Ball
1-0: Foul Ball, location: 2F
1-1: Swinging Strike
1-2: Foul Ball, location: 2F
1-2: Ball
2-2: Foul Ball, location: 2F
2-2: DOUBLE (Flyball, 78D, EV 102.5 MPH)
Pitching: RHP Tyrek Wakayama
Batting: LHB Archibald Rowe 0-0: Ball
1-0: Ball
2-0: Fly out, F6 (Popup, 6S, EV 81.9 MPH)
Top of the 8th over - 0 runs, 1 hit, 0 errors, 1 left on base; Tulsa 7 - Boise 7
BOTTOM OF THE 8TH
Boise Bluegills batting - Pitching for Tulsa Twisters : LHP Ari Morrison
Batting: RHB J.D. Butcher 0-0: Ball
1-0: Foul Ball, location: 2F
1-1: Swinging Strike
1-2: Foul Ball, location: 2F
1-2: Ball
2-2: Foul Ball, location: 2F
2-2: Fly out, F8 (Line Drive, 78M, EV 100.6 MPH)
Pitching: LHP Sean Andrews
Batting: RHB James Howard 0-0: Called Strike
0-1: Ball
1-1: Ball
2-1: Foul Ball, location: 2F
2-2: Fly out, F3 (Popup, 3SF, EV 75.6 MPH)
Batting: RHB Wes Rankin 0-0: Ball
1-0: Called Strike
1-1: SINGLE (Flyball, 3D, EV 94.4 MPH)
Batting: LHB Nigel Torres 0-0: Foul Ball, location: 2F
0-1: Ball
1-1: Called Strike
1-2: Ball
2-2: Ball
3-2: Base on Balls
Wes Rankin to second
Batting: LHB Elias Mummert 0-0: Ball
1-0: Foul Ball, location: 2F
1-1: Ball
2-1: Ball
3-1: Foul Ball, location: 2F
3-2: Foul Ball, location: 2F
3-2: Strikes out looking
Bottom of the 8th over - 0 runs, 1 hit, 0 errors, 2 left on base; Tulsa 7 - Boise 7
TOP OF THE 9TH
Tulsa Twisters batting - Pitching for Boise Bluegills : RHP Tyrek Wakayama
Batting: RHB Marqueze Nakamura 0-0: Ball
1-0: Ball
2-0: Called Strike
2-1: Swinging Strike
2-2: Ground out 3-1 (Groundball, 34, EV 81.9 MPH)
Batting: RHB Curtis Sanchez 0-0: Called Strike
0-1: Foul Ball, location: 2F
0-2: Ball
1-2: Ball
2-2: Ball
3-2: Base on Balls
Batting: LHB Marc Guilfoy 0-0: Called Strike
0-1: Ground out 4-3 (Groundball, 4S, EV 73.1 MPH)
Curtis Sanchez to second
Batting: RHB Brendan Benshoff 0-0: Intentional Walk
Pinch Hitting: RHB Riley Paley 0-0: Ball
1-0: Called Strike
1-1: Foul Ball, location: 2F
1-2: Strikes out swinging
Top of the 9th over - 0 runs, 0 hits, 0 errors, 2 left on base; Tulsa 7 - Boise 7
BOTTOM OF THE 9TH
Boise Bluegills batting - Pitching for Tulsa Twisters : LHP Sean Andrews
Now in CF: John Parker
Batting: RHB Marcus Trask 0-0: SINGLE (Line Drive, 6D, EV 96.2 MPH)
Batting: SHB Brayden Strollo 0-0: Called Strike
0-1: Ball
1-1: Ball
2-1: Ball
3-1: Foul Ball, location: 2F
3-2: Fly out, F9 (Flyball, 9S, EV 91.9 MPH)
Pitching: RHP Julian McNamara
Pinch Hitting: LHB James Bullock 0-0: Ball
1-0: Foul Ball, location: 2F
1-1: Swinging Strike
1-2: Strikes out looking
Pinch Hitting: RHB Quinn DeLorme 0-0: Ball
1-0: Ball
2-0: Ball
3-0: Called Strike
3-1: Base on Balls
Marcus Trask to second
Batting: RHB J.D. Butcher 0-0: Swinging Strike
0-1: Ball
1-1: Called Strike
1-2: Ball
2-2: Ball
3-2: Base on Balls
Marcus Trask to third
Quinn DeLorme to second
Batting: RHB James Howard 0-0: Called Strike
0-1: Ball
1-1: Ground out 6-3 (Groundball, P, EV 81.9 MPH)
Bottom of the 9th over - 0 runs, 1 hit, 0 errors, 3 left on base; Tulsa 7 - Boise 7
TOP OF THE 10TH
Tulsa Twisters batting - Pitching for Boise Bluegills : RHP Tyrek Wakayama
Now at 3B: Quinn DeLorme
Now at SS: Wes Rankin
Now in CF: Jalon Doty
Pinch Hitting: LHB Walter Abraham 0-0: Ball
1-0: Foul Ball, location: 2F
1-1: Ball
2-1: Called Strike
2-2: Ground out 1-3 (Groundball, 13S, EV 73.1 MPH)
Batting: RHB Liam Slaybaugh 0-0: Called Strike
0-1: Foul Ball, location: 2F
0-2: Ball
1-2: Ball
2-2: Foul Ball, location: 2F
2-2: Foul Ball, location: 2F
2-2: Strikes out looking
Batting: RHB Colton Hevner 0-0: Ball
1-0: Ball
2-0: Called Strike
2-1: SINGLE (Line Drive, 9S, EV 92.5 MPH)
Pitching: RHP Ty Russell
Batting: LHB Archibald Rowe 0-0: Ball
1-0: Ball
2-0: Ball
3-0: Called Strike
3-1: Foul Ball, location: 2F
3-2: Fly out, F9 (Flyball, 9, EV 79.4 MPH)
Top of the 10th over - 0 runs, 1 hit, 0 errors, 1 left on base; Tulsa 7 - Boise 7
BOTTOM OF THE 10TH
Boise Bluegills batting - Pitching for Tulsa Twisters : RHP Julian McNamara
Now at SS: Jachin Ferré
Batting: RHB Wes Rankin 0-0: Ball
1-0: SOLO HOME RUN (Line Drive, 78XD, EV 105.6 MPH), Distance : 384 ft
Bottom of the 10th over - 1 run, 1 hit, 0 errors, 0 left on base; Tulsa 7 - Boise 8
Monday, March 25th , 2024 - OOTP Baseball 23.10 Build 110